 Seeded DCSS version 0.30.1-11-g7821555f0a (webtiles) character file.

Game seed: 430007637681659361 (custom seed)

839 strifetoe the Cudgeller (level 8, -1/46 HPs)
             Began as a Gargoyle Fighter on Nov 9, 2023.
             Was an Initiate of Gozag.
             Engulfed by a steam dragon's steam (8 damage)
             ... on level 5 of the Dungeon.
             The game lasted 00:10:01 (3293 turns).

strifetoe the Cudgeller (Gargoyle Fighter)          Turns: 3293, Time: 00:10:02

Health: -1/46      AC: 14    Str: 22    XL:     8   Next: 0%
Magic:  8/8        EV:  9    Int: 16    God:    Gozag
Gold:   673        SH:  4    Dex:  9    Spells: 7/7 levels left

rFire   . . .        z - +0 hand axe (elec)
rCold   + . .        c - +0 buckler
rNeg    + . .        b - +0 scale mail
rPois   ∞            r - +2 hat "Jaruon" {Regen+ Int+3}
rElec   +            (no cloak)
rCorr   .            (no gloves)
SInv    .            (no boots)
Will    .....        (no amulet) Stlth
                     k - ring of flight
HPRegen 1.07/turn    s - ring "Ifay" {rC+ Int+4 Slay+2}
MPRegen 0.11/turn

%: no passive effects
@: mighty, gold aura, flying, studying Transmutations
A: sickness immunity, AC +5, negative energy resistance 1, electricity
resistance, torment resistance 1, petrification resistance
a: Renounce Religion, Potion Petition, Call Merchant, Bribe Branch


You were on level 5 of the Dungeon.
You worshipped Gozag.
Gozag was pleased with you.
You visited 1 branch of the dungeon, and saw 5 of its levels.

You collected 673 gold pieces.

Inventory:

Hand Weapons
 a - a +0 war axe
 g - a +3 war axe of protection
 o - the +3 eveningstar of the Burnt God {spect, rC+ Will+ rCorr}
   (You acquired it on level 2 of the Dungeon)

   rC:        It protects you from cold.
   rCorr:     It protects you from acid and corrosion.
   Will:      It increases your willpower.
 z - a +0 hand axe of electrocution (weapon)
Missiles
 j - 4 throwing nets (quivered)
Armour
 b - a +0 scale mail (worn)
 c - a +0 buckler (worn)
 r - the +2 hat "Jaruon" (worn) {Regen+ Int+3}
   (You acquired it on level 2 of the Dungeon)

   Int:       It affects your intelligence (+3).
   Regen:     It increases your rate of health regeneration.
Jewellery
 k - a ring of flight (left hand)
 s - the ring "Ifay" (right hand) {rC+ Int+4 Slay+2}
   (You acquired it on level 2 of the Dungeon)

   [ring of protection from cold]

   Int:       It affects your intelligence (+4).
   Slay:      It affects your accuracy & damage with ranged weapons and melee
   (+2).
   rC:        It protects you from cold.
 u - an amulet of the acrobat
Wands
 d - a wand of flame (41)
Scrolls
 e - a scroll of noise
 f - a scroll of blinking
 m - a scroll of fear
 q - a scroll of teleportation
Potions
 h - 3 potions of curing
 i - a potion of magic {unknown}
 l - a potion of cancellation {unknown}
 n - 2 potions of ambrosia
 p - a potion of attraction {unknown}
 t - a potion of heal wounds {unknown}
 v - a potion of invisibility {unknown}
 w - a potion of might
 x - a potion of degeneration {unknown}


   Skills:
 - Level 3.2 Fighting
 - Level 5.6(6.7) Axes
 + Level 6.2(7.4) Maces & Flails
 - Level 3.2 Armour
 - Level 3.2 Shields


You had 7 spell levels left.
You didn't know any spells.
Your spell library contained the following spells:

 Spells                   Type           Power      Damage    Failure   Level
 Sandblast                Erth           0%         2d4       63%         1
 Call Imp                 Summ           0%         N/A       77%         2
 Passwall                 Tmut/Erth      0%         N/A       77%         2
 Poisonous Vapours        Pois/Air       0%         N/A       77%         2
 Mephitic Cloud           Conj/Pois/Air  0%         N/A       94%         3
 Stone Arrow              Conj/Erth      0%         3d7       94%         3
 Fireball                 Conj/Fire      0%         3d3       100%        5
 Freezing Cloud           Conj/Ice/Air   0%         6-21      100%        5
 Starburst                Conj/Fire      0%         6d3       100%        6
 Haunt                    Necr/Summ      0%         N/A       100%        7
 Infestation              Necr           0%         N/A       100%        8
 Animate Dead             Necr           Unusable   N/A       N/A         4

Dungeon Overview and Level Annotations

Branches:
Dungeon (5/15)             Temple (0/1) D:4

Altars:
Gozag
Kikubaaqudgha
Nemelex Xobeh
Trog
Wu Jian
Yredelemnul


Innate Abilities, Weirdness & Mutations

You are immune to sickness and miasma.
Your stone body is resilient. (AC +5)
You are immune to poison.
You resist negative energy. (rN+)
You are resistant to electric shocks. (rElec)
You are resistant to unholy torment.
You are immune to petrification.


Message History

The gnoll misses you.
Unknown command.
You slash the gnoll!
The gnoll is severely wounded.
You hit the shadow but do no damage. The gnoll closely misses you.
The shadow hits you.
A white imp comes into view.
The gnoll hits you from afar with a +2 vampiric halberd!
Unknown command.
Unknown command.
You feel better. The gnoll hits you with a +0 halberd! The shadow hits you.
You block the gnoll's attack.
You feel very mighty all of a sudden. The gnoll misses you.
The shadow slips into darkness.
The shadow flickers and vanishes!
Deactivating autopickup; reactivate with Ctrl-A.
The gnoll closely misses you.
Unknown command.
You hit the gnoll. Lightning courses through the gnoll!
You kill the gnoll!
You slash something! Lightning courses through something!
Reactivating autopickup.
You feel a bit more experienced. The white imp gestures at you.
The puff of frost hits you. You resist. The gnoll closely misses you.
Your base Maces & Flails skill increases to level 6!
You have reached level 8!
You feel clever. The white imp gestures at you. The puff of frost hits you.
You resist. The steam dragon breathes steam at you. The ball of steam hits you!
* * * LOW HITPOINT WARNING * * *
The gnoll closely misses you.
You slash the steam dragon!
The steam dragon is moderately wounded.
You are engulfed in a cloud of scalding steam.
You die...
Your body crumbles into a pile of gold.

.............#
>.......>....#
.............##
....(.........#
...!..........#
.......<......#
..............##
.........D.....#
....5....@$g...#
........$§$....#
.........§$.....#
...............##
........§......#
.......§......#
.............#
.............#
..............


You could see a steam dragon (catching breath), a gnoll (swift) and a white imp.

Vanquished Creatures
  A shadow (D:5)
  Duvessa (D:4)
  Dowan (D:4)
  A howler monkey (D:5)
  An orc priest (D:3)
  2 hounds
  A gnoll bouda (D:5)
  Terence (D:2)
  2 iguanas (D:4)
  Robin (D:4)
  11 gnolls
  6 adders
  3 worms
  3 dart slugs
  12 orcs
  6 endoplasms
  8 giant cockroaches
  15 goblins
  13 hobgoblins
  5 jackals
  5 quokkas
  12 ball pythons
  10 bats
  A frilled lizard (D:1)
  4 kobolds
  5 rats (D:1)
131 creatures vanquished.

Notes
Turn   | Place    | Note
-------+----------+-------------------------------------------
     0 | D:1      | strifetoe the Gargoyle Fighter began the quest for the Orb.
     0 | D:1      | Reached XP level 1. HP: 14/14 MP: 1/1
   143 | D:1      | Reached XP level 2. HP: 15/19 MP: 2/2
   535 | D:1      | Reached XP level 3. HP: 21/23 MP: 3/3
   730 | D:2      | Noticed Terence
   823 | D:2      | Killed Terence
   824 | D:2      | Reached XP level 4. HP: 25/28 MP: 4/4
   987 | D:2      | You are sucked into a shaft and drop 1 floor!
  1058 | D:2      | Found an ancient bone altar of Kikubaaqudgha.
  1169 | D:2      | Found a faded altar of an unknown god.
  1217 | D:2      | Identified 4 scrolls of acquirement
  1217 | D:2      | Acquired a manual of Transmutations
  1218 | D:2      | Acquired the +2 hat "Jaruon" {Regen+ Int+3}
  1219 | D:2      | Acquired the ring "Ifay" {rC+ Int+4 Slay+2}
  1220 | D:2      | Acquired the +3 eveningstar of the Burnt God {spect, rC+
                  | Will+ rCorr}
  1253 | D:2      | Prayed at the altar of an unknown god.
  1253 | D:2      | Became a worshipper of Gozag Ym Sagoz the Greedy
  1559 | D:3      | Found an ornate altar of the Wu Jian Council.
  1559 | D:3      | Found a bloodstained altar of Trog.
  1680 | D:3      | Reached XP level 5. HP: 32/32 MP: 5/5
  1881 | D:3      | Reached skill level 5 in Axes
  1900 | D:3      | Found a sparkling altar of Nemelex Xobeh.
  1974 | D:3      | Reached XP level 6. HP: 9/37 MP: 6/6
  2070 | D:3      | Found a basalt altar of Yredelemnul.
  2270 | D:4      | Reached skill level 1 in Maces & Flails
  2395 | D:4      | Found a staircase to the Ecumenical Temple.
  2443 | D:4      | Noticed Duvessa
  2444 | D:4      | Noticed Dowan
  2463 | D:4      | Killed Duvessa
  2464 | D:4      | Reached skill level 3 in Maces & Flails
  2464 | D:4      | Killed Dowan
  2465 | D:4      | Reached XP level 7. HP: 14/41 MP: 7/7
  2614 | D:4      | Got the Tome of Luminous Command
  2626 | D:4      | Noticed Robin
  2635 | D:4      | Killed Robin
  2753 | D:4      | Reached skill level 4 in Maces & Flails
  3273 | D:5      | Entered Level 5 of the Dungeon
  3275 | D:5      | Noticed a shadow
  3283 | D:5      | Reached skill level 5 in Maces & Flails
  3285 | D:5      | Noticed a steam dragon
  3291 | D:5      | Killed a shadow
  3292 | D:5      | Reached skill level 6 in Maces & Flails
  3292 | D:5      | Reached XP level 8. HP: 18/46 MP: 8/8
  3293 | D:5      | Engulfed by a steam dragon's steam

Illustrated notes

Levels and vault maps discovered:
D:1:      wander_arrival_chamber, layout_basic, kennysheep_boxes
D:2:      layout_rooms, dilly_ecumenical_altar_fadedgnrine, basic_altar,
          uniq_terence
D:3:      layout_basic, mainiacjoe_overflow_swirl, jmf_multi_god_temple,
          minmay_puff
D:4:      layout_loops_corners, minmay_temple_entry_junction_2,
          minmay_joined_circles, uniq_robin, uniq_duvessa
D:5:      layout_layer_cave, uniq_crazy_yiuf_cottage

Skill      XL: |  1  2  3  4  5  6  7 |
---------------+----------------------+-----
Axes           | 2 3 4 5 |  5.6
Maces & Flails | 3 6 |  6.2
Fighting       | |  3.2
Armour         | |  3.2
Shields        | |  3.2

Action                     |  1- 3 |  4- 6 |  7- 9 || total
---------------------------+-------+-------+-------++-------
  Melee: War axe           |    80 |    95 |       ||   175
         Hand axe          |       |    52 |    86 ||   138
    Use: Potion            |     1 |       |     2 ||     3
         Scroll            |       |    12 |     2 ||    14
 Armour: Scale mail        |    52 |    68 |    35 ||   155
  Dodge: Dodged            |    44 |    52 |    45 ||   141
  Block: Buckler           |    18 |    21 |    21 ||    60
